 Dungeon Crawl Stone Soup version 0.23.0 (webtiles) character file.

Game seed: 3309426116252885187

22 theswoord the Vexing (level 2, 0/25 HPs)
             Began as a Naga Arcane Marksman on Feb 15, 2019.
             Slain by Sigmund
             ... wielding a +0 scythe
              (4 damage)
             ... on level 2 of the Dungeon.
             The game lasted 00:01:22 (824 turns).

theswoord the Vexing (Naga Arcane Marksman)          Turns: 824, Time: 00:01:23

Health: 0/25       AC:  1    Str: 12    XL:     2   Next: 91%
Magic:  3/3        EV: 10    Int: 13    God:
Gold:   90         SH:  0    Dex: 11    Spells: 2/3 levels left

rFire    . . .     SeeInvis +   a - +0 hand crossbow
rCold    . . .     Gourm    .   (no shield)
rNeg     . . .     Faith    .   e - +0 robe
rPois    +         Spirit   .   (no helmet)
rElec    .         Reflect  .   (no cloak)
rCorr    .         Harm     .   (no gloves)
MR       .....                  (no barding)
Stlth    +.........             (no amulet)
HPRegen  0.08/turn              (no ring)
MPRegen  0.08/turn              (no ring)

@: short of breath, very slow
A: large, see invisible, deformed body, poison resistance, slowness 2, slow
metabolism 1, spit poison 1, AC +0
a: Spit Poison


You were on level 2 of the Dungeon.
You were not hungry.

You visited 1 branch of the dungeon, and saw 2 of its levels.

You collected 90 gold pieces.

Inventory:

Hand Weapons
 a - a +0 hand crossbow (weapon)
Missiles
 d - 9 bolts (quivered)
Armour
 e - a +0 robe (worn)
Scrolls
 g - a scroll of enchant weapon {unknown}
 j - a scroll of fog {unknown}
Potions
 b - a potion of agility {unknown}
 h - a potion of curing {unknown}
 i - a potion of lignification {unknown}
Comestibles
 f - 3 rations


   Skills:
 - Level 1.0 Fighting
 + Level 3.0 Crossbows
 - Level 1.5 Dodging
 - Level 1.0 Spellcasting
 - Level 3.0 Hexes


You had 2 spell levels left.
You knew the following spells:

 Your Spells              Type           Power        Failure   Level  Hunger
a - Corona                Hex            #......      9%          1    ##.....

Your spell library contained the following spells:

 Spells                   Type           Power        Failure   Level  Hunger
 Slow                     Hex            #.......     12%         2    ###....
 Inner Flame              Hex/Fire       #.......     41%         3    ####...
 Portal Projectile        Hex/Tloc       #.....       41%         3    ####...
 Cause Fear               Hex            #.........   63%         4    #####..
 Leda's Liquefaction      Hex/Erth       #.........   83%         4    #####..


Dungeon Overview and Level Annotations

Branches:
Dungeon (2/15)

Altars:

Annotations:
D:2 Sigmund


Innate Abilities, Weirdness & Mutations

You cannot wear boots.
Your serpentine skin is tough. (AC +0)
You have supernaturally acute eyesight. (SInv)
Armour fits poorly on your strangely shaped body.
Your system is resistant to poisons. (rPois)
You cover ground very slowly.
You have a slow metabolism.
You can spit poison.


Message History

Firing (i - inventory)
d - 11 bolts (quivered)
Aim: an ooze You shoot a bolt.
The bolt completely misses the ooze.
The ooze barely misses you.
Sigmund hits you from afar with a +0 scythe!
Ouch! That really hurt!
* * * LOW HITPOINT WARNING * * *
The ooze hits you.
* * * LOW HITPOINT WARNING * * *
Firing (i - inventory)
d - 10 bolts (quivered)
Aim: an ooze You shoot a bolt.
The bolt hits the ooze.
Sigmund barely misses you. The ooze hits you.
* * * LOW HITPOINT WARNING * * *
Aim: an ooze (lightly wounded)
The splash of poison hits the ooze.
You feel slightly more hungry. The ooze hits you.
* * * LOW HITPOINT WARNING * * *
Sigmund hits you from afar with a +0 scythe.
You die...

#.### ..[.# ####
#(#.# #... #.#.#
#.##
#s#.############.#
#@#...........##.#
#.#J#.#########.##.#
#...@.# #.##.#
####### #.##.#
#.##.## #.#....
#.##### #.#<...
#.##### #......
#######


You could see Sigmund, an ooze and a giant cockroach.

Vanquished Creatures
  A dart slug (D:1)
  A leopard gecko (D:1)
  A giant cockroach (D:1)
  4 goblins (D:1)
  A hobgoblin (D:1)
  2 bats (D:1)
  5 kobolds (D:1)
  3 rats (D:1)
18 creatures vanquished.

Notes
Turn   | Place    | Note
-------+----------+-------------------------------------------
     0 | D:1      | theswoord the Naga Arcane Marksman began the quest for the
                  | Orb.
     0 | D:1      | Reached XP level 1. HP: 18/18 MP: 2/2
   387 | D:1      | Reached XP level 2. HP: 25/25 MP: 3/3
   819 | D:2      | Noticed Sigmund
   824 | D:2      | Slain by Sigmund

Skill      XL: |  1  2 |
---------------+-------+-----
Crossbows      | 2 3 |  3.0
Fighting       | |  1.0
Dodging        | |  1.5
Spellcasting   | |  1.0
Hexes          | |  3.0

Action                   || total
-------------------------++-------
 Fire: Hand crossbow     ||    47
 Abil: Spit Poison       ||     4
Armor: Robe              ||     2
Dodge: Dodged            ||    20

Levels and vault maps discovered:
D:1:      dpeg_arrival_tiny_i, layout_rooms, minmay_misc_feat_doors
D:2:      layout_basic, zin_academy, chequers_ecumenical_altar_simple,
          st_stairs_1, minmay_pentomino_o2, uniq_sigmund
